 Dungeon Crawl Stone Soup version 0.21.1-1-g345015f (webtiles) character file.

285 sking99 the Chopper (level 6, -2/56 HPs)
             Began as a Deep Dwarf Fighter on June 21, 2018.
             Slain by an ogre
             ... wielding a +0 giant club
              (14 damage)
             ... on level 4 of the Dungeon.
             The game lasted 00:11:29 (2441 turns).

sking99 the Chopper (Deep Dwarf Fighter)            Turns: 2441, Time: 00:11:29

Health: -2/56      AC:  6    Str: 19    XL:     6   Next: 7%
Magic:  4/4        EV:  7    Int: 10    God:
Gold:   66         SH: 10    Dex: 13    Spells: 5/5 levels left

rFire    . . .     SeeInvis .   a - +0 war axe
rCold    . . .     Gourm    .   c - +1 shield
rNeg     . . .     Faith    .   b - +0 scale mail
rPois    .         Spirit   .   (no helmet)
rElec    .         Reflect  .   (no cloak)
rCorr    .         Harm     .   (no gloves)
MR       .....                  (no boots)
Stlth    ..........             (no amulet)
HPRegen  0.00/turn              (no ring)
MPRegen  0.09/turn              (no ring)

@: non-regenerating
A: damage resistance, heal wounds, sense surroundings 1, no regeneration
a: Heal Wounds


You were on level 4 of the Dungeon.
You were not hungry.

You visited 1 branch of the dungeon, and saw 4 of its levels.

You collected 66 gold pieces.

Inventory:

Hand Weapons
 a - a +0 war axe (weapon)
 r - a cursed -2 mace
Armour
 b - a +0 scale mail (worn)
 c - a +1 shield (worn)
Scrolls
 e - 2 scrolls of enchant armour
 g - a scroll of blinking {unknown}
 h - a scroll of amnesia {unknown}
 m - a scroll of random uselessness
 o - 2 scrolls of teleportation
Potions
 d - a potion of might
 i - a potion of flight {unknown}
 j - 5 potions of curing {unknown}
 k - a potion of invisibility {unknown}
 l - a potion of haste {unknown}
 n - a potion of mutation {unknown}
 p - 2 potions of heal wounds {unknown}
Comestibles
 f - 3 rations
 q - 6 chunks of flesh


   Skills:
 + Level 3.0 Fighting
 * Level 6.8 Axes
 - Level 3.2 Armour
 - Level 3.2 Shields


You had 5 spell levels left.
You didn't know any spells.

Dungeon Overview and Level Annotations

Branches:
Dungeon (4/15)
 Temple: D:4-7

Altars:
Gozag
Hepliaklqana
Zin

Shops:
D:3 *


Innate Abilities, Weirdness & Mutations

You are resistant to damage.
You can heal yourself by infusing magical energy.
You passively map a small area around you.
You do not regenerate.


Message History

You hit the ogre.
The ogre is severely wounded.
You block the ogre's attack.
You hit the ogre but do no damage.
The ogre is severely wounded.
The ogre hits you with a giant club!
Your shield prevents you from hitting the ogre.
The ogre is severely wounded.
The ogre hits you with a giant club.
You barely miss the ogre.
The ogre is severely wounded.
The ogre hits you with a giant club!!
* * * LOW HITPOINT WARNING * * *
Your shield and scale mail prevent you from hitting the ogre.
The ogre is severely wounded.
The ogre completely misses you.
You hit the ogre.
The ogre is almost dead.
The ogre hits you with a giant club!
You die...

, ......
#.....
......##....
,
...........,
, ..........#
* , * ,
.........# *
** , , *
#.....# , ,
+,, #/...(##
, , ,
#....O.# ,,,
* ######@# *,
### * #.# **
*#<# * #.#
#####.# #.#
#.....#
#.#####.#####
#.......#
#########


You could see an ogre.

Vanquished Creatures
  An orc priest (D:3)
  An orc wizard (D:3)
  An iguana (D:4)
  3 gnolls (D:4)
  4 adders
  5 oozes
  2 dart slugs (D:2)
  A worm (D:3)
  16 orcs (D:3)
  8 bats
  8 giant cockroaches
  8 goblins
  10 hobgoblins
  6 jackals
  6 kobolds
  2 quokkas (D:3)
  A ball python (D:2)
  5 frilled lizards
  6 rats
94 creatures vanquished.

Notes
Turn   | Place    | Note
-------+----------+-------------------------------------------
     0 | D:1      | sking99 the Deep Dwarf Fighter began the quest for the Orb.
     0 | D:1      | Reached XP level 1. HP: 20/20 MP: 1/1
    80 | D:1      | Reached skill level 3 in Axes
    83 | D:1      | Reached XP level 2. HP: 27/27 MP: 2/2
   323 | D:1      | Reached XP level 3. HP: 23/33 MP: 3/3
   361 | D:1      | Reached skill level 4 in Axes
   996 | D:2      | Reached XP level 4. HP: 40/40 MP: 3/3
  1052 | D:2      | Found a hazy altar of Hepliaklqana.
  1095 | D:2      | Reached skill level 5 in Axes
  1131 | D:2      | Found a glowing silver altar of Zin.
  1597 | D:3      | Found Gozag's Platinum Reserve.
  1723 | D:3      | Found an opulent altar of Gozag.
  1756 | D:3      | Reached XP level 5. HP: 46/46 MP: 4/4
  1774 | D:3      | Reached skill level 6 in Axes
  1813 | D:3      | Found a faded altar of an unknown god.
  2405 | D:4      | Reached XP level 6. HP: 17/56 MP: 4/4
  2441 | D:4      | Slain by an ogre

Skill      XL: |  1  2  3  4  5 |
---------------+----------------+-----
Axes           | 3 4 5 6 |  6.8
Fighting       | 3 |  3.0
Armour         | |  3.2
Shields        | |  3.2

Action                   |  1- 3 |  4- 6 || total
-------------------------+-------+-------++-------
Melee: War axe           |   146 |   223 ||   369
 Abil: Heal Wounds       |     1 |     5 ||     6
  Use: Scroll            |       |     5 ||     5
  Eat: Chunk             |     1 |     5 ||     6
Armor: Scale mail        |    69 |   102 ||   171
Dodge: Dodged            |    48 |    61 ||   109
Block: Shield            |    77 |   111 ||   188
